Cogmind - Beta 15 @@@ ROGUE MODE // 2025.08.25 @ 20:44:13 Player: supraman Result: Destroyed by H-77 Assassin with Coil Gun Performance ------------- Evolutions (6) 3000 Regions Visited (16) 3200 Robots Destroyed (33) 165 Value Destroyed (816) 816 Prototype IDs (2) 40 Alien Tech Used (0) 0 Bonus (629) 629 TOTAL SCORE: 7850 Bonus ------- Follower Combat Kills 129 Entered DSFs 500 Cogmind --------- Core Integrity 0/1150 Matter 64/300 Energy 72/150 System Corruption 0% Temperature Cool (3) Movement Hovering (56) Location -4/Upper Caves Parts ------- > --- POWER (2) -------- Micro Fission Core > --- PROPULSION (5) --- Gravmag Array Antigrav System > --- UTILITY (10) ----- Advanced Visual Processing Unit Advanced Melee Analysis Suite > --- WEAPON (2) ------- (None) > --- INVENTORY (5) ---- Improved Melee Analysis Suite Peak State ------------ > --- POWER ------------ Light Deuterium Engine Fusion Compressor > --- PROPULSION ------- Gravmag Array Nuclear Pulse Thruster > --- UTILITY ---------- Advanced Visual Processing Unit Advanced Signal Interpreter Improved Terrain Scanner Advanced Melee Analysis Suite Reaction Control System Hacking Suite Advanced Hacking Suite Authchip [R/Combat] System Restoration Module > --- WEAPON ----------- KE Penetrator Improved Datajack > --- INVENTORY -------- Gravmag Array Antigrav System Triangulator Improved Melee Analysis Suite [Rating: 70] Favorites ----------- Power Light Nuclear Core Engine Light Ion Engine Power Core Light Nuclear Core Reactor Light Particle Reactor Propulsion Armored Treads Treads Armored Treads Wheel Wheel Hover Unit Gravmag Array Flight Unit Nuclear Pulse Thruster Utility Advanced Visual Processing Unit Device Seismic Detector Processor Advanced Visual Processing Unit Hackware Authchip [R/Combat] Weapon Improved Datajack Energy Gun EM Pulse Gun Ballistic Gun KE Penetrator Launcher Missile Launcher Special Weapon Remote Datajack Impact Weapon Mace Slashing Weapon Greatsword Special Melee Weapon Improved Datajack Build | -11 -10 -9 -9 -8 -7 -7 -7 -6 -6 -5 -5 -5 -5 -5 -4 -4 ------- Run | Yrd Mat Mat Min Mat Fac Was Fac Fac DSF Fac Was Fac Ext Cet Fac Upp Slots Evolved 12 | . . 2 . 2 2 . . 2 . 2 . . . . 2 . Power 1 | . . . . . . . . . . 1 . . . . . . Propulsion 3 | . . . . . . . . . . 1 . . . . 2 . Utility 8 | . . 2 . 2 2 . . 2 . . . . . . . . Weapon . | . . . . . . . . . . . . . . . . . Parts Attached 58 | 4 4 3 1 7 . 1 3 1 8 9 3 3 9 1 . 1 Power 9 | . . 1 1 1 . . . . 1 2 1 . 2 . . . Engine 3 | . . 1 1 . . . . . . . . . 1 . . . Core 5 | . . . . 1 . . . . 1 2 . . 1 . . . Reactor 1 | . . . . . . . . . . . 1 . . . . . Propulsion 17 | 2 . 2 . 2 . . . . 4 2 1 . 2 1 . 1 Treads 7 | 2 . 2 . 2 . . . . . 1 . . . . . . Leg . | . . . . . . . . . . . . . . . . . Wheel 1 | . . . . . . . . . . . . . 1 . . . Hover 3 | . . . . . . . . . . . . . 1 1 . 1 Flight 6 | . . . . . . . . . 4 1 1 . . . . . Utility 21 | 1 3 . . 2 . 1 3 . 1 4 1 2 3 . . . Device 11 | 1 2 . . . . . 3 . . 1 1 1 2 . . . Storage . | . . . . . . . . . . . . . . . . . Processor 6 | . 1 . . 2 . 1 . . 1 1 . . . . . . Hackware 4 | . . . . . . . . . . 2 . 1 1 . . . Protection . | . . . . . . . . . . . . . . . . . Artifact . | . . . . . . . . . . . . . . . . . Weapon 11 | 1 1 . . 2 . . . 1 2 1 . 1 2 . . . Energy Gun 1 | 1 . . . . . . . . . . . . . . . . Energy Cannon . | . . . . . . . . . . . . . . . . . Ballistic Gun 1 | . . . . . . . . . . . . . 1 . . . Ballistic Cannon . | . . . . . . . . . . . . . . . . . Launcher 2 | . . . . . . . . . 1 . . 1 . . . . Special Weapon 1 | . . . . 1 . . . . . . . . . . . . Impact Weapon 2 | . 1 . . . . . . . 1 . . . . . . . Slashing Weapon 2 | . . . . . . . . 1 . 1 . . . . . . Piercing Weapon . | . . . . . . . . . . . . . . . . . Special Melee Weapon 2 | . . . . 1 . . . . . . . . 1 . . . Unidentified Prototypes 1 | . . . . . . . . . . . . 1 . . . . Parts Lost 35 | . . . . 2 . . . . 5 9 . 5 12 . . 2 Power 7 | . . . . 1 . . . . 2 1 . 1 2 . . . Propulsion 8 | . . . . . . . . . 1 2 . 2 3 . . . Utility 14 | . . . . 1 . . . . . 5 . 1 5 . . 2 Weapon 6 | . . . . . . . . . 2 1 . 1 2 . . . Highest Loss Streak 8 | . . . . 1 . . . . 5 5 . 5 8 . . 2 To Critical Strikes . | . . . . . . . . . . . . . . . . . Average Backups 4 | 1 3 4 4 4 5 4 4 5 4 3 4 4 4 3 4 3 Power . | . . . . 1 1 1 1 1 . . 1 1 . . 1 . Propulsion . | . . . . . . . . . 1 1 1 . 1 1 2 1 Utility 1 | . 1 1 1 1 2 1 1 2 . . . 2 2 1 1 1 Weapon 1 | 1 2 3 3 2 1 1 1 1 1 . . . . . . . Tool/Special . | . . . . . . . . . . . . . . . . . Unused Backups 6 | . . . . 3 1 . . 1 . . . . . . . 1 Power . | . . . . . . . . . . . . . . . . . Propulsion . | . . . . . . . . . . . . . . . . . Utility 3 | . . . . . 1 . . 1 . . . . . . . 1 Weapon 3 | . . . . 3 . . . . . . . . . . . . Tool/Special . | . . . . . . . . . . . . . . . . . Average Slot Usage (%) 61 | . 70 63 77 75 69 74 82 73 76 71 52 56 55 30 21 17 Engine 1 | . . 4 11 5 . . . . . . . . . . . . Core 3 | . . . . 3 7 7 7 6 4 7 . . 3 3 . . Treads 8 | . 28 22 22 18 15 15 15 13 1 . 1 . . . . . Flight 4 | . . . . . . . . . 10 16 13 15 3 . . . Device 12 | . 14 15 22 18 15 15 21 20 20 15 9 8 5 . . . Processor 14 | . 6 . . 12 15 21 23 20 25 19 17 17 15 11 10 10 Hackware 4 | . . . . . . . . . . 2 5 5 14 11 10 5 Energy Gun 1 | . 6 11 11 1 . . . . . . . . . . . . Impact Weapon 4 | . 13 11 11 9 7 7 7 2 4 2 . . . . . . Special Melee Weapon 2 | . . . . 5 7 7 7 6 5 2 . 1 1 . . . Peak Build Rating 70 | 4 8 13 13 24 23 26 32 32 42 63 49 58 70 32 17 30 Average Rating 30 | 2 6 10 13 20 23 25 30 31 38 48 46 47 45 23 17 14 On Entrance 22 | . 4 6 13 13 23 23 26 30 32 42 33 49 30 23 17 17 Naked Turns . | . . . . . . . . . . . . . . . . . Heaviest Build 23 | 3 5 8 8 11 9 9 12 11 14 23 16 16 19 5 . 5 Greatest Support 46 | 3 3 20 9 46 9 9 12 12 29 27 16 16 20 20 3 31 Greatest Overweight (x) 1 | . 1 1 . . . . . . . . . . 1 1 . . Average Overweight (x) . | . . . . . . . . . . . . . . . . . Largest Inventory Capacity 5 | 5 5 5 5 5 5 5 5 5 5 5 5 5 5 5 5 5 Average Capacity 5 | 5 5 5 5 5 5 5 5 5 5 5 5 5 5 5 5 5 Most Carried 5 | 3 5 5 5 5 5 5 5 5 5 5 5 5 5 5 5 5 Average Carried 4 | 1 4 4 4 4 5 4 4 5 4 4 3 4 4 4 5 4 Final Capacity 5 | 5 5 5 5 5 5 5 5 5 5 5 5 5 5 5 5 5 Final Carried 5 | 2 5 4 5 5 5 5 5 5 4 5 4 5 5 5 5 1 Class Distribution -------------------- 59% | Mutant 27% | Scout 9% | Hacker-Mutant Dominant Class ---------------- Mutant | -10/Materials Mutant | -9/Materials Mutant | -9/Mines Mutant | -8/Materials Mutant | -7/Factory Mutant | -7/Waste Mutant | -7/Factory Mutant | -6/Factory Scout | -6/DSF Scout | -5/Factory Scout | -5/Waste Scout | -5/Factory Hacker-Mutant | -5/Extension Mutant | -5/Cetus Mutant | -4/Factory Mutant | -4/Upper Caves Resources | -11 -10 -9 -9 -8 -7 -7 -7 -6 -6 -5 -5 -5 -5 -5 -4 -4 ----------- Run | Yrd Mat Mat Min Mat Fac Was Fac Fac DSF Fac Was Fac Ext Cet Fac Upp Matter Collected 940 | 137 158 40 10 70 25 . . . 37 351 . . 28 . . 84 Remotely . | . . . . . . . . . . . . . . . . . Salvage Created 1104 | 17 140 81 51 278 19 . . . 192 301 . . 25 . . . Parts 50 | 3 4 3 3 11 . . . . 9 12 . . 5 . . . Haulers Intercepted 3 | . 1 . . 2 . . . . . . . . . . . . Recyclers Shooed 1 | . . . . . . . . . . . . . 1 . . . Parts Field Recycled . | . . . . . . . . . . . . . . . . . Retrieved Matter . | . . . . . . . . . . . . . . . . . Parts Self-Destructed 1 | . . . . . . . . . . . . . . . . 1 Prevented . | . . . . . . . . . . . . . . . . . Kills | -11 -10 -9 -9 -8 -7 -7 -7 -6 -6 -5 -5 -5 -5 -5 -4 -4 ------- Run | Yrd Mat Mat Min Mat Fac Was Fac Fac DSF Fac Was Fac Ext Cet Fac Upp Combat Hostiles Destroyed 14 | . 3 1 1 3 . . . . 4 2 . . . . . . Melee 4 | . . . . 1 . . . . 1 2 . . . . . . Guns 3 | . 2 . 1 . . . . . . . . . . . . . AOE 3 | . . . . 1 . . . . 2 . . . . . . . Classes Destroyed 12 | 1 4 2 . 2 . . . . 2 1 . . . . . . Worker 2 | . 1 . 1 . . . . . . . . . . . . . Builder 2 | . . . . . . . . . . 2 . . . . . . Tunneler 1 | 1 . . . . . . . . . . . . . . . . Hauler 3 | . 1 . . 2 . . . . . . . . . . . . Operator 4 | . . 2 . . . . . . . 1 . . 1 . . . Watcher 7 | . 1 1 . 1 1 . . . . 3 . . . . . . Swarmer 3 | . 3 . . . . . . . . . . . . . . . Cutter 2 | . . . . . . . . . 2 . . . . . . . Grunt 3 | . . 1 1 1 . . . . . . . . . . . . Sentry 3 | . . . . 1 . . . . . 2 . . . . . . Hunter 2 | . . . . 1 . . . . 1 . . . . . . . Heavy 1 | . . . . . . . . . 1 . . . . . . . Best Kill Streak 3 | 1 3 1 3 2 1 . . . 2 3 . . 1 . . . Combat Bots Only 2 | . 2 1 2 1 . . . . 2 1 . . . . . . Max Kills in Single Turn 2 | 1 1 1 1 1 1 . . . 2 1 . . 1 . . . Gunslinging . | . . . . . . . . . . . . . . . . . Exploded 2 | . . . . 1 . . . . 2 . . . . . . . Melee 1 | . . . . 1 . . . . 1 1 . . . . . . Uniques/NPCs Destroyed . | . . . . . . . . . . . . . . . . . Combat | -11 -10 -9 -9 -8 -7 -7 -7 -6 -6 -5 -5 -5 -5 -5 -4 -4 -------- Run | Yrd Mat Mat Min Mat Fac Was Fac Fac DSF Fac Was Fac Ext Cet Fac Upp Hostile Shots Fired 452 | . 19 40 10 25 . . 10 . 28 53 . 39 111 3 26 88 Missed 195 | . 5 18 4 7 . . 4 . 11 27 . 26 47 2 11 33 Hits 257 | . 14 22 6 18 . . 6 . 17 26 . 13 64 1 15 55 Projectile 257 | . 14 22 6 18 . . 6 . 17 26 . 13 64 1 15 55 Critical Strikes 6 | . 1 1 . 1 . . . . . 2 . . 1 . . . Damage Taken 4950 | . 108 304 95 213 . . 37 . 485 819 . 276 1382 22 347 862 Core 2457 | . 24 60 34 12 . . 5 . 189 186 . 121 652 22 347 805 Absorbed by Shields . | . . . . . . . . . . . . . . . . . Core Remaining (%) 77 | 100 90 . 76 97 . . 99 . 77 . . . . 1 . . Volleys Fired 52 | 1 14 10 7 11 . . . . 4 . . . 5 . . . Largest 1 | 1 1 1 1 1 . . . . 1 . . . 1 . . . Hottest 40 | 40 40 40 40 40 . . . . 36 . . . 33 . . . Shots Fired 53 | 1 14 10 7 11 . . . . 4 . . . 6 . . . Gun 48 | 1 14 10 7 10 . . . . . . . . 6 . . . Cannon . | . . . . . . . . . . . . . . . . . Launcher 3 | . . . . . . . . . 3 . . . . . . . Special 2 | . . . . 1 . . . . 1 . . . . . . . Kinetic 6 | . . . . . . . . . . . . . 6 . . . Thermal . | . . . . . . . . . . . . . . . . . Explosive 3 | . . . . . . . . . 3 . . . . . . . Electromagnetic 42 | 1 14 10 7 10 . . . . . . . . . . . . Robot Hit Streak 9 | 1 2 2 9 2 . . . . 5 . . . 4 . . . Robot Miss Streak 3 | . 3 3 . 1 . . . . . . . . 1 . . . Penetration Max . | . . . . . . . . . . . . . . . . . Secondary Targets . | . . . . . . . . . . . . . . . . . Shots Hit Robots 102 | 1 10 7 7 37 2 3 . . 13 16 . . 6 . . . Core Hits 29 | 1 3 2 4 4 . . . . 7 6 . . 2 . . . Critical Kills 1 | . . . . 1 . . . . . . . . . . . . Critical Parts Destroyed 10 | . 3 2 . 2 . . . . 1 1 . . 1 . . . Critical Strikes 14 | . 3 2 . 3 . . . . 1 4 . . 1 . . . Destroy 1 | . . . . . . . . . . . . . 1 . . . Smash 10 | . 3 2 . 3 . . . . 1 1 . . . . . . Sever 3 | . . . . . . . . . . 3 . . . . . . Melee Attacks 129 | . 8 10 . 44 6 3 14 . 12 30 . . 2 . . . Impact 86 | . 8 10 . 24 5 . 14 . 9 16 . . . . . . Slashing 12 | . . . . . . . . . . 12 . . . . . . Piercing . | . . . . . . . . . . . . . . . . . Sneak Attacks 23 | . 1 1 . 13 1 . . . 2 3 . . 2 . . . Combat Hostiles 2 | . . . . . . . . . 2 . . . . . . . Follow-up Attacks . | . . . . . . . . . . . . . . . . . Damage Inflicted 2932 | 12 285 254 199 623 26 . . . 516 912 . . 105 . . . Guns 452 | 12 81 77 99 87 . . . . . . . . 96 . . . Cannons . | . . . . . . . . . . . . . . . . . Explosions 492 | . 36 37 100 32 . . . . 287 . . . . . . . Melee 1979 | . 168 140 . 504 26 . . . 229 912 . . . . . . Ramming 9 | . . . . . . . . . . . . . 9 . . . Kinetic 96 | . . . . . . . . . . . . . 96 . . . Thermal 205 | . 36 37 100 32 . . . . . . . . . . . . Explosive 287 | . . . . . . . . . 287 . . . . . . . Electromagnetic 356 | 12 81 77 99 87 . . . . . . . . . . . . Impact 1388 | . 168 140 . 504 26 . . . 229 321 . . . . . . Slashing 591 | . . . . . . . . . . 591 . . . . . . Piercing . | . . . . . . . . . . . . . . . . . Highest Corruption 18 | . 1 . . . . . . . . 16 16 18 18 15 . . Average Corruption 13 | . 1 . . . . . . . . 12 16 16 16 15 . . Corruption Purged 3 | . . . . . . . . . . . . . 3 . . . Corruption Blocked . | . . . . . . . . . . . . . . . . . Effects 53 | . 1 . . . . . . . . 11 1 13 25 2 . . Message Errors 12 | . . . . . . . . . . 2 1 3 6 . . . Matter Fused 10 | . 1 . . . . . . . . 2 . 2 5 . . . Heat Flow Errors 7 | . . . . . . . . . . 2 . 3 2 . . . Energy Discharges 4 | . . . . . . . . . . . . . 3 1 . . Parts Rejected 2 | . . . . . . . . . . 1 . . . 1 . . Parts Fused 1 | . . . . . . . . . . . . 1 . . . . Data Loss (minor) 7 | . . . . . . . . . . 2 . 1 4 . . . Data Loss (major) 2 | . . . . . . . . . . . . . 2 . . . Misfires 1 | . . . . . . . . . . . . . 1 . . . Misdirections 7 | . . . . . . . . . . 2 . 3 2 . . . Overload Shots . | . . . . . . . . . . . . . . . . . Overflow Damage 707 | . 146 128 . 79 4 . . . 84 266 . . . . . . Projectiles . | . . . . . . . . . . . . . . . . . Explosions 7 | . . 7 . . . . . . . . . . . . . . Melee 700 | . 146 121 . 79 4 . . . 84 266 . . . . . . Knockbacks 4 | . . 1 . . . . . . 1 1 . . 1 . . . Impact 4 | . . 1 . . . . . . 1 1 . . 1 . . . Kinetic . | . . . . . . . . . . . . . . . . . Secondary . | . . . . . . . . . . . . . . . . . Self-Inflicted Damage 4 | . . . . . . . . . . . . . 4 . . . Shots . | . . . . . . . . . . . . . . . . . Rammed 1 | . . . . . . . . . . . . . 1 . . . Targets Rammed 1 | . . . . . . . . . . . . . 1 . . . Kicked . | . . . . . . . . . . . . . . . . . Crushed . | . . . . . . . . . . . . . . . . . Highest Temperature 265 | . . 6 41 3 . . . . . 150 . 265 201 . . . Average Temperature 86 | . . 5 30 3 . . . . . 76 . 128 85 . . . Received Heat Transfer 786 | . . 111 51 45 . . 6 . . 99 . . 357 9 36 72 Siege Activations . | . . . . . . . . . . . . . . . . . Martial Activations . | . . . . . . . . . . . . . . . . . Shielding Activations . | . . . . . . . . . . . . . . . . . Robots Disrupted . | . . . . . . . . . . . . . . . . . Combat Hostiles . | . . . . . . . . . . . . . . . . . Robots Corrupted 8 | . 2 1 . 2 1 . . . 1 1 . . . . . . Combat Hostiles 4 | . 1 1 . 1 . . . . 1 . . . . . . . Parts Fried 24 | . 6 4 . 2 2 . . . 6 4 . . . . . . Impact Corruptions 21 | . 4 2 . 4 1 . . . 3 7 . . . . . . Robots Melted . | . . . . . . . . . . . . . . . . . Combat Hostiles . | . . . . . . . . . . . . . . . . . Parts Melted 1 | . . . . 1 . . . . . . . . . . . . Heat Transferred 200 | . 50 50 50 50 . . . . . . . . . . . . Parts Sabotaged . | . . . . . . . . . . . . . . . . . Parts Stolen . | . . . . . . . . . . . . . . . . . Parts Stripped . | . . . . . . . . . . . . . . . . . Power Chain Reactions 4 | . 1 1 1 1 . . . . . . . . . . . . Alert | -11 -10 -9 -9 -8 -7 -7 -7 -6 -6 -5 -5 -5 -5 -5 -4 -4 ------- Run | Yrd Mat Mat Min Mat Fac Was Fac Fac DSF Fac Was Fac Ext Cet Fac Upp Maximum Alert Level . | . . . . . . . . . . . . . . . . . Low Security (%) 100 | 100 100 100 100 100 100 100 100 100 100 100 100 100 100 100 100 . Level 1 . | . . . . . . . . . . . . . . . . . Level 2 . | . . . . . . . . . . . . . . . . . Level 3 . | . . . . . . . . . . . . . . . . . Level 4 . | . . . . . . . . . . . . . . . . . Level 5 . | . . . . . . . . . . . . . . . . . High Security . | . . . . . . . . . . . . . . . . . Max Security . | . . . . . . . . . . . . . . . . . Peak Influence 126 | 5 83 74 76 68 7 . 3 . 63 88 22 70 126 50 16 . Initial 50 | . 3 26 24 29 . . . . . 32 22 1 29 50 16 . Average 20 | 1 31 17 47 17 . . . . 42 25 15 3 39 42 1 . Influence Increases 1533 | 5 128 133 62 233 11 . 9 . 113 258 . 105 371 . . 105 Destroy 0b10 Robot/C 360 | . 60 20 40 100 . . . . 80 40 . . 20 . . . Destroy 0b10 Robot/NC 100 | 5 15 15 5 15 5 . . . 5 30 . . 5 . . . Destroy Leader 120 | . 14 2 10 46 2 . . . 20 26 . . . . . . Allied During Kill 22 | . . . 6 15 . . . . . . . . 1 . . . Successful Hack 30 | . 5 . . 7 . . . . . 18 . . . . . . Disable Machine 30 | . . . . . . . . . . 15 . . 15 . . . Destroy Structure 61 | . 4 6 1 5 4 . 9 . 8 24 . . . . . . Partial Spotted 105 | . . . . 15 . . . . . 30 . 30 30 . . . Lose Combat Pursuer 705 | . 30 90 . 30 . . . . . 75 . 75 300 . . 105 Influence Decreases 1468 | . 70 132 50 309 11 . 9 . 50 257 62 47 340 61 30 40 Entered New Map 286 | . 2 37 40 47 . . . . . 31 42 1 31 41 14 . Time Decay 890 | . 68 95 10 202 11 . 9 . . 174 20 26 199 20 16 40 Lost Part 232 | . . . . 20 . . . . 50 52 . 20 90 . . . Lost Ally 60 | . . . . 40 . . . . . . . . 20 . . . Squads Dispatched 12 | . . 2 . 2 1 . . . 2 2 . 1 2 . . . Investigation 1 | . . 1 . . . . . . . . . . . . . . Extermination 3 | . . . . . 1 . . . . 1 . 1 . . . . Reinforcement 8 | . . 1 . 2 . . . . 2 1 . . 2 . . . Assault . | . . . . . . . . . . . . . . . . . Garrison . | . . . . . . . . . . . . . . . . . Intercept . | . . . . . . . . . . . . . . . . . Searches Triggered . | . . . . . . . . . . . . . . . . . Construction Impeded . | . . . . . . . . . . . . . . . . . Haulers Reinforced . | . . . . . . . . . . . . . . . . . Active Scanning Responses . | . . . . . . . . . . . . . . . . . Cargo Convoy Interrupts . | . . . . . . . . . . . . . . . . . Stealth | -11 -10 -9 -9 -8 -7 -7 -7 -6 -6 -5 -5 -5 -5 -5 -4 -4 --------- Run | Yrd Mat Mat Min Mat Fac Was Fac Fac DSF Fac Was Fac Ext Cet Fac Upp Distress Signals 15 | . 2 2 . 4 . . . . . 1 . 2 3 1 . . Communications Jammed . | . . . . . . . . . . . . . . . . . Distress Signals . | . . . . . . . . . . . . . . . . . Times Spotted 148 | . 9 16 2 15 1 . 3 . 4 16 4 16 36 5 6 15 Peak Tracking Total 16 | . 5 11 2 4 1 . 3 . 3 7 4 16 13 5 6 8 Tactical Retreats 23 | . 1 4 . 1 . . . . . 3 . 1 10 . . 3 Traps | -11 -10 -9 -9 -8 -7 -7 -7 -6 -6 -5 -5 -5 -5 -5 -4 -4 ------- Run | Yrd Mat Mat Min Mat Fac Was Fac Fac DSF Fac Was Fac Ext Cet Fac Upp Traps Triggered 9 | . 1 1 . . 1 . . . 2 1 . 1 2 . . . Indirectly . | . . . . . . . . . . . . . . . . . Trap Hack Attempts . | . . . . . . . . . . . . . . . . . Triggered . | . . . . . . . . . . . . . . . . . Disarmed . | . . . . . . . . . . . . . . . . . Reprogrammed . | . . . . . . . . . . . . . . . . . Reused . | . . . . . . . . . . . . . . . . . Traps Extracted . | . . . . . . . . . . . . . . . . . Installed . | . . . . . . . . . . . . . . . . . Triggered . | . . . . . . . . . . . . . . . . . Machines | -11 -10 -9 -9 -8 -7 -7 -7 -6 -6 -5 -5 -5 -5 -5 -4 -4 ---------- Run | Yrd Mat Mat Min Mat Fac Was Fac Fac DSF Fac Was Fac Ext Cet Fac Upp Machines Disabled 2 | . . . . . . . . . . 1 . . 1 . . . Max in Single Turn 1 | . . . . . . . . . . 1 . . 1 . . . Machines Repaired . | . . . . . . . . . . . . . . . . . Machines Dismantled . | . . . . . . . . . . . . . . . . . Machines Sabotaged . | . . . . . . . . . . . . . . . . . Overloaded Fab Kills . | . . . . . . . . . . . . . . . . . Hacking | -11 -10 -9 -9 -8 -7 -7 -7 -6 -6 -5 -5 -5 -5 -5 -4 -4 --------- Run | Yrd Mat Mat Min Mat Fac Was Fac Fac DSF Fac Was Fac Ext Cet Fac Upp Machines Accessed 21 | . 2 2 . 4 1 . 1 1 . 7 . 1 1 . 1 . Terminals 12 | . 1 2 . 2 1 . 1 1 . 3 . . 1 . . . Fabricators 2 | . . . . . . . . . . 1 . . . . 1 . Repair Stations 1 | . . . . 1 . . . . . . . . . . . . Recycling Units 5 | . 1 . . 1 . . . . . 3 . . . . . . Scanalyzers . | . . . . . . . . . . . . . . . . . Garrison Access 1 | . . . . . . . . . . . . 1 . . . . Total Hacks 36 | . 3 2 . 6 3 . 3 2 . 12 . 1 2 . 2 . Successful 16 | . 2 2 . 3 . . . 1 . 5 . . 1 . 2 . Failed 20 | . 1 . . 3 3 . 3 1 . 7 . 1 1 . . . Catastrophic 5 | . . . . . 1 . 1 . . 2 . 1 . . . . Database Lockouts . | . . . . . . . . . . . . . . . . . Manual . | . . . . . . . . . . . . . . . . . Terminals 21 | . 1 2 . 3 3 . 3 2 . 5 . . 2 . . . Fabricators 3 | . . . . . . . . . . 1 . . . . 2 . Repair Stations 1 | . . . . 1 . . . . . . . . . . . . Recycling Units 10 | . 2 . . 2 . . . . . 6 . . . . . . Scanalyzers . | . . . . . . . . . . . . . . . . . Garrison Access 1 | . . . . . . . . . . . . 1 . . . . Terminal Hacks 9 | . 1 2 . 2 . . . 1 . 2 . . 1 . . . Record 1 | . . . . . . . . . . 1 . . . . . . Robot Analysis 1 | . . . . . . . . . . 1 . . . . . . Open Door 1 | . . . . . . . . . . . . . 1 . . . Open DSF 1 | . . . . . . . . 1 . . . . . . . . Branch Access Points 1 | . . . . 1 . . . . . . . . . . . . Terminal Index 1 | . 1 . . . . . . . . . . . . . . . Alert Level 2 | . . 2 . . . . . . . . . . . . . . Security Status 1 | . . . . 1 . . . . . . . . . . . . Fabricator Hacks 3 | . . . . . . . . . . 1 . . . . 2 . Network Status 2 | . . . . . . . . . . 1 . . . . 1 . Build 1 | . . . . . . . . . . . . . . . 1 . Repair Station Hacks . | . . . . . . . . . . . . . . . . . Recycling Unit Hacks 4 | . 1 . . 1 . . . . . 2 . . . . . . Process 1 | . . . . . . . . . . 1 . . . . . . Retrieve Matter 1 | . . . . . . . . . . 1 . . . . . . Retrieve Components 2 | . 1 . . 1 . . . . . . . . . . . . Scanalyzer . | . . . . . . . . . . . . . . . . . Garrison Access Hacks . | . . . . . . . . . . . . . . . . . Unauthorized Hacks . | . . . . . . . . . . . . . . . . . Terminals . | . . . . . . . . . . . . . . . . . Fabricators . | . . . . . . . . . . . . . . . . . Repair Stations . | . . . . . . . . . . . . . . . . . Recycling Units . | . . . . . . . . . . . . . . . . . Scanalyzers . | . . . . . . . . . . . . . . . . . Garrison Access . | . . . . . . . . . . . . . . . . . Data Cores Recovered 1 | . . 1 . . . . . . . . . . . . . . Used 1 | . . 1 . . . . . . . . . . . . . . Hacking Detections 17 | . 1 2 . 2 1 . 1 1 . 6 . 1 1 . 1 . Full Trace Events . | . . . . . . . . . . . . . . . . . Feedback Events . | . . . . . . . . . . . . . . . . . Feedback Blocked . | . . . . . . . . . . . . . . . . . Robot Schematics Acquired . | . . . . . . . . . . . . . . . . . Robots Built . | . . . . . . . . . . . . . . . . . Authchips . | . . . . . . . . . . . . . . . . . Time . | . . . . . . . . . . . . . . . . . Total Robot Build Rating . | . . . . . . . . . . . . . . . . . Part Schematics Acquired . | . . . . . . . . . . . . . . . . . Parts Built 2 | . . . . . . . . . . . . . . . 2 . Authchips . | . . . . . . . . . . . . . . . . . Time 139 | . . . . . . . . . . . . . . . 139 . Total Part Build Rating 18 | . . . . . . . . . . . . . . . 18 . Parts Repaired . | . . . . . . . . . . . . . . . . . Time . | . . . . . . . . . . . . . . . . . Parts Recycled . | . . . . . . . . . . . . . . . . . Recycled Matter 32 | . . . . . . . . . . 32 . . . . . . Retrieved Matter . | . . . . . . . . . . . . . . . . . Retrieved Components 2 | . . . . 2 . . . . . . . . . . . . Parts Scanalyzed . | . . . . . . . . . . . . . . . . . Part Schematics Acquired . | . . . . . . . . . . . . . . . . . Parts Damaged . | . . . . . . . . . . . . . . . . . Bothacking | -11 -10 -9 -9 -8 -7 -7 -7 -6 -6 -5 -5 -5 -5 -5 -4 -4 ------------ Run | Yrd Mat Mat Min Mat Fac Was Fac Fac DSF Fac Was Fac Ext Cet Fac Upp Used RIF Installer . | . . . . . . . . . . . . . . . . . Robots Hacked 13 | . . . . 8 1 . . . 1 2 . . 1 . . . Non-combat 10 | . . . . 6 1 . . . . 2 . . 1 . . . Combat 3 | . . . . 2 . . . . 1 . . . . . . . Robot Hacks Applied 15 | . . . . 9 1 . . . 1 2 . . 2 . . . parse_system 7 | . . . . 5 . . . . 1 1 . . . . . . no_distress 5 | . . . . 3 . . . . . 1 . . 1 . . . find_chute 1 | . . . . . 1 . . . . . . . . . . . find_recycling 1 | . . . . . . . . . . . . . 1 . . . check_alert 1 | . . . . 1 . . . . . . . . . . . . Relay Couplers Released . | . . . . . . . . . . . . . . . . . Fabnet Peak Effective % . | . . . . . . . . . . . . . . . . . Robots Rewired . | . . . . . . . . . . . . . . . . . Allies Hacked . | . . . . . . . . . . . . . . . . . Hacks Repelled . | . . . . . . . . . . . . . . . . . Allies | -11 -10 -9 -9 -8 -7 -7 -7 -6 -6 -5 -5 -5 -5 -5 -4 -4 -------- Run | Yrd Mat Mat Min Mat Fac Was Fac Fac DSF Fac Was Fac Ext Cet Fac Upp Total Allies 3 | . . . 2 . . . . . . . . . 1 . . . Largest Group 2 | . . . 2 2 . . . . . . . . 1 . . . Highest-Rated Group 51 | . . . 51 51 . . . . . . . . 31 . . . Highest-Rated Ally 31 | . . . 31 31 . . . . . . . . 31 . . . Total Orders . | . . . . . . . . . . . . . . . . . Ally Attacks 27 | . . . 2 22 . . . . . . . . 3 . . . Total Damage 456 | . . . 25 388 . . . . . . . . 43 . . . Kills 4 | . . . 1 2 . . . . . . . . 1 . . . Allies Corrupted . | . . . . . . . . . . . . . . . . . Allies Melted . | . . . . . . . . . . . . . . . . . Intel | -11 -10 -9 -9 -8 -7 -7 -7 -6 -6 -5 -5 -5 -5 -5 -4 -4 ------- Run | Yrd Mat Mat Min Mat Fac Was Fac Fac DSF Fac Was Fac Ext Cet Fac Upp Active Infowar (turns) 3578 | 8 204 240 35 539 214 44 183 24 210 524 43 295 533 48 250 184 Optics 3157 | . 107 . . 498 214 44 183 24 210 524 43 295 533 48 250 184 Sensors 322 | . . . . . . . . . . . 36 286 . . . . IFF 181 | . . . . . . . . . . 181 . . . . . . Terrain 933 | . . . . . . . 69 24 128 524 43 120 25 . . . Traps 92 | . . . . . . . 92 . . . . . . . . . Seismic 2171 | 8 204 240 35 539 214 44 183 24 210 470 . . . . . . Triangulation 67 | . . . . . . . . . . . . 66 1 . . . Robot Analysis Total 1 | . . . . . . . . . . 1 . . . . . . Derelict Logs Recovered 2 | . . . . . . . . . . . . . . . . 2 Drone Launches . | . . . . . . . . . . . . . . . . . Drone Recoveries . | . . . . . . . . . . . . . . . . . Exploration | -11 -10 -9 -9 -8 -7 -7 -7 -6 -6 -5 -5 -5 -5 -5 -4 -4 ------------- Run | Yrd Mat Mat Min Mat Fac Was Fac Fac DSF Fac Was Fac Ext Cet Fac Upp Turns Passed 3609 | 34 204 240 35 544 214 44 183 24 210 524 43 295 533 48 250 184 Spaces Moved 4878 | 47 207 255 26 566 300 76 219 43 150 957 102 441 772 58 298 361 Core 2492 | 47 207 254 26 487 300 76 219 43 14 5 . . 115 45 298 356 Treads 83 | . . 1 . 79 . . . . 1 2 . . . . . . Legs . | . . . . . . . . . . . . . . . . . Wheels 89 | . . . . . . . . . . . . . 89 . . . Hover 360 | . . . . . . . . . . . . . 342 13 . 5 Flight 1854 | . . . . . . . . . 135 950 102 441 226 . . . Fastest Speed 32 | 50 50 50 50 50 50 50 50 50 34 32 34 34 40 50 50 50 Average Speed 49 | 50 64 73 50 66 50 50 50 50 40 33 35 34 55 54 50 50 Slowest Speed 170 | 50 100 170 50 170 50 50 50 50 170 170 60 40 100 100 50 56 Overloaded Moves . | . . . . . . . . . . . . . . . . . Propulsion Burnouts . | . . . . . . . . . . . . . . . . . Robots Hopped 7 | . . . . . . . . . . 4 . 1 2 . . . Potential Cave-ins 3 | . . . . . . . 3 . . . . . . . . . Cave-ins Triggered 1 | . . . . . . . . . . 1 . . . . . . Exploration Rate (%) 34 | 3 28 30 10 59 11 73 8 1 92 26 77 18 69 23 8 49 Regions Visited 16 Branch Regions 4 Pre-discovered Areas 1 | . . . . . . . . . . . . . . . . 1 Known Exits Taken 2 | . . . . . . . . 1 . . . 1 . . . . Unknown Exits Taken 9 | 1 1 1 1 1 . . 1 . . . . . 1 1 1 . Scrap Searched 1 | . . . . . . . . . . . . . . . . 1 Spaces Dug 35 | . . 5 . 1 4 . 12 . . 13 . . . . . . Terrain Destroyed 53 | . 3 7 1 4 4 . 12 . 8 13 . . 1 . . . Melee 35 | . . 5 . 1 4 . 12 . . 13 . . . . . . Projectile 1 | . . . . . . . . . . . . . 1 . . . AOE 17 | . 3 2 1 3 . . . . 8 . . . . . . . Terrain Rammed . | . . . . . . . . . . . . . . . . . Walls Destroyed . | . . . . . . . . . . . . . . . . . Machines Disabled . | . . . . . . . . . . . . . . . . . Actions | -11 -10 -9 -9 -8 -7 -7 -7 -6 -6 -5 -5 -5 -5 -5 -4 -4 --------- Run | Yrd Mat Mat Min Mat Fac Was Fac Fac DSF Fac Was Fac Ext Cet Fac Upp Total 5807 | 54 248 280 39 679 357 81 267 46 273 1097 107 581 862 74 398 364 Wait 576 | . 11 . 6 41 49 . 30 . 59 92 1 132 41 13 101 . Move 4850 | 46 206 254 25 565 300 75 218 42 149 949 101 438 767 57 297 361 Hop 7 | . . . . . . . . . . 4 . 1 2 . . . Pick Up 23 | 3 1 . . 3 1 1 . 1 3 4 1 2 2 1 . . Fast Attach 38 | 3 3 1 . 4 . . 2 1 6 7 1 2 8 . . . Attach 24 | 1 1 1 . 1 . 1 1 . 3 3 2 2 4 1 . 3 Detach 9 | . 2 . . . . . 1 . . 2 . 2 1 1 . . Swap 15 | . 1 2 1 4 . . . . 5 1 1 . . . . . Drop 25 | . 1 2 . 6 1 . 1 2 4 5 . 2 . 1 . . Fire 52 | 1 14 10 7 11 . . . . 4 . . . 5 . . . Melee 129 | . 8 10 . 44 6 3 14 . 12 30 . . 2 . . . Ram 2 | . . . . . . . . . . . . . 2 . . . Kick . | . . . . . . . . . . . . . . . . . Crush . | . . . . . . . . . . . . . . . . . Escape Stasis 56 | . . . . . . . . . 28 . . . 28 . . . Rewire 1 | . . . . . . 1 . . . . . . . . . . Trap . | . . . . . . . . . . . . . . . . . Miscellaneous . | . . . . . . . . . . . . . . . . . Route ------- -11/Scrapyard -10/Materials -9/Materials (discovered 2 exits: [*Min x2]) -9/Mines -8/Materials -7/Factory -7/Waste -7/Factory -6/Factory -6/DSF -5/Factory -5/Waste -5/Factory (discovered 2 exits: *Upp / *Ext) -5/Extension (discovered 2 exits: *Fac / [*Cet]) -5/Cetus -4/Factory -4/Upper Caves History --------- Turn | Location | Event 5 | -11/Scrapyard | Discovered new exit (range 16) 35 | -11/Scrapyard | Entered Materials 156 | -10/Materials | Discovered new exit (range 16) 239 | -10/Materials | Entered another Materials area 239 | -9/Materials | Evolved 2 slots: Utility x2 306 | -9/Materials | Build established: Mutant 432 | -9/Materials | Discovered new exit (range 8) 453 | -9/Materials | Discovered new exit (range 15) 479 | -9/Materials | Entered Mines 486 | -9/Mines | Discovered new exit (range 8) 514 | -9/Mines | Entered Materials 514 | -8/Materials | Accompanied by 2 allies 514 | -8/Materials | Evolved 2 slots: Utility x2 519 | -8/Materials | Led the pair of lost Derelicts to an unsafe place 1031 | -8/Materials | Discovered new exit (range 15) 1058 | -8/Materials | Entered Factory 1058 | -7/Factory | Evolved 2 slots: Utility x2 1272 | -7/Factory | Sucked down chute 1272 | -7/Factory | Entered Waste 1272 | -7/Waste | The area was eerily silent 1307 | -7/Waste | Discovered new exit (range 19) 1316 | -7/Waste | Entered Factory 1471 | -7/Factory | Discovered new exit (range 11) 1499 | -7/Factory | Entered another Factory area 1499 | -6/Factory | Evolved 2 slots: Utility x2 1523 | -6/Factory | Identified exit to DSF 1523 | -6/Factory | Entered DSF 1566 | -6/DSF | Additional patrols routed to DSF 1647 | -6/DSF | Lost 5 parts (2p1n2w) 1703 | -6/DSF | Discovered new exit (range 18) 1732 | -6/DSF | Identified exit to Factory 1733 | -6/DSF | Entered Factory 1733 | -5/Factory | Evolved 2 slots: Power x1, Propulsion x1 1756 | -5/Factory | Build established: Scout 1803 | -5/Factory | Discovered new exit (range 6) 1875 | -5/Factory | Identified exit to Upper Caves 2015 | -5/Factory | Crushed by falling debris 2015 | -5/Factory | System corruption reached 10% 2046 | -5/Factory | Lost 4 parts (4u) 2243 | -5/Factory | Spotted B-75 Beast 2253 | -5/Factory | Lost 5 parts (1p2n1u1w) 2257 | -5/Factory | Sucked down chute 2257 | -5/Factory | Entered Waste 2260 | -5/Waste | Spotted C-40 Crusher 2267 | -5/Waste | Spotted C-40 Crusher 2267 | -5/Waste | Spotted C-40 Crusher 2276 | -5/Waste | Found Prototype Launcher 2277 | -5/Waste | Spotted C-40 Crusher 2282 | -5/Waste | Spotted C-40 Crusher 2287 | -5/Waste | Spotted C-40 Crusher 2297 | -5/Waste | Discovered new exit (range 10) 2300 | -5/Waste | Identified exit to Factory 2300 | -5/Waste | Entered Factory 2315 | -5/Factory | Identified Ragnarok Missile Launcher 2402 | -5/Factory | Spotted B-75 Beast 2451 | -5/Factory | Discovered exit to Upper Caves (range 18) 2585 | -5/Factory | Discovered new exit (range 19) 2592 | -5/Factory | Identified exit to Extension 2595 | -5/Factory | Entered Extension 2621 | -5/Extension | Lost 5 parts (1p2n1u1w) 2642 | -5/Extension | Spotted B-75 Beast 2980 | -5/Extension | Spotted B-75 Beast 2986 | -5/Extension | Core integrity fell below 50% 2994 | -5/Extension | Core integrity fell below 20% 3024 | -5/Extension | Lost 8 parts (1p2n3u2w) 3029 | -5/Extension | Discovered new exit (range 20) 3030 | -5/Extension | Discovered new exit (range 19) 3084 | -5/Extension | Rescued a captive Derelict 3086 | -5/Extension | Build established: Hacker-Mutant 3128 | -5/Extension | Entered Cetus 3153 | -5/Cetus | Spotted Cetus Guard 3155 | -5/Cetus | Spotted Cetus Guard 3157 | -5/Cetus | Spotted Cetus Guard 3158 | -5/Cetus | Spotted Cetus Guard 3166 | -5/Cetus | Discovered new exit (range 20) 3176 | -5/Cetus | Entered Factory 3176 | -4/Factory | Evolved 2 slots: Propulsion x2 3340 | -4/Factory | Fabricated Enh. Nova Cannon (x2) 3380 | -4/Factory | Discovered new exit (range 19) 3426 | -4/Factory | Entered Upper Caves 3435 | -4/Upper Caves | Learned location of 1 exit from Research 3442 | -4/Upper Caves | Build established: Mutant 3511 | -4/Upper Caves | Attracted the attention of an 0b10 checkpoint 3547 | -4/Upper Caves | Core integrity fell below 50% 3591 | -4/Upper Caves | Core integrity fell below 20% 3610 | -4/Upper Caves | Destroyed by H-77 Assassin with Coil Gun Last Messages --------------- Acquired derelict log, extracted data. Data stored: Research exits (x1). Searching scrap... Found Hcp. Storage Unit. Found Adv. Terrain Scanner. Found Mak. ECM Suite. Found 31 Matter. Y-64 Sentinel: "INTERCEPTING UNREGISTERED DERELICT." Authchip [R/Combat] destroyed. Penetrated by Slug. Slug penetrates Wall. Hacking Suite destroyed. Slug penetrates Wall. Acquired derelict log, extracted data. World map updated: -2/Research. Slug penetrates Wall. Acquired 84 matter. Drone sends a signal. Slug penetrates Wall. Penetrated by Slug. Map ----- +----------------------------------------------------+ | ?????????????????????????????????????????????????? | | ?????????????????????????????????????????????????? | | ?????????????????????????????????????????????????? | | ?????????????????????????????????????####????????? | | ????????????????????????????????????## ???????## | | ????????????????????????????????????# ?? ##### | | ???????????????????????????????????? ?? | | ???????????????????????????????????? ??? | | ????????????????????????????????????? ??????# | | ????????????????????????????????????? ??????# | | ?????????????????????????????????????# ??????# | | ?????????????????????????????????????# #?????## | | ??????????????????????????????????#### #???### | | ?????????????????????????????????## #??## | | ?????????????????????????????##??# #?## | | ????????????????????????????## ??# ### | | ????????????????????????????# ## | | ????????????????####????????# ### | | ????????????????# #?????????# #### | | ????????????????# ##????????## ## #?# | | ????????????????# ######????## ?## ##?? | | ????????????????# ##?????# ## #??? | | ????????????????# #??????# #####??? | | ????????????????# ###??????# ##???###? | | ???????????????## s######???# #????# # | | ???????????????# @ ###### #????# | | ???????????????# s n ## #??### | | ???????????????# h h ##?# | | ???????????????### s #?# | | ?????????????????# g #### #### | | ?????????????????# #??## ## #?# | | ????????????????## #???###### #?# | | ????????????????# ### ##????????# #?## | | ????????????????# #### #?????????# #??# | | ????????????????# #?# #?????????# #??## | | ????????????????## #?## #?????????# #??## | | ???????????????### #??# #?????????# #?## | | ???????????????# #??# #??????#### ### # | | ???????????????# ##??# #?####?# ## # | | ???????????????## #???# ### #?# ## | | ????????????????######???# #?# #### | | ?????????????????????????##### #?# #?# | | ????????????????????????????## ### ## | | ????????????????????????????# ### | | ????????????????????????????# ######?### ## | | ???????????????????????????# ##????????## ?# | | ???????????????????????????######??????????## #?? | | ????????????????????????????????????????????###??? | | ?????????????????????????????????????????????????? | | ?????????????????????????????????????????????????? | +----------------------------------------------------+ Best States ------------- Heat Dissipation 43 Energy Generation 38 Energy Capacity 360 Matter Stores 300 Matter Capacity 300 Sight Range 20 Robot Scan Range 16 Terrain Scan Range 16 Terrain Scan Density 110 Additional Mass Support 9 Evasion (%) 63 Melee Accuracy 8 Recoil Reduction 2 Offensive Hacking 24 Authchip Count 1 Item Schematics ----------------- None Robot Schematics ------------------ None Fabricated ------------ Enh. Nova Cannon | x2 | -4/Factory | Preloaded Repaired ---------- Nothing Alien Tech Used ----------------- None Achievements -------------- Below Slippery One Challenges ------------ None Game ------ Seed ImprinterWaveAutopenetrator Manual? 0 Play Time 02:44:33 Cumulative 34.2 hours Start 2025.08.24 @ 19:35:04 End 2025.08.25 @ 20:44:13 Sessions 3 Manual Loads 0 Difficulty Rogue Special Mode None Game No. 15 Rogue 14 Adventurer 1 Explorer 0 Win Type - Total 0 Types 0/0/0/0/0/0/0/0/0/0 Lore% 12 Gallery% 23 Achievement% 19 Wizard Run 0 Options --------- Layout 0 ASCII 0 Keyboard 0 Movement Mouse Keybinds 0 Fullscreen 1 Font 24/Smallcaps Map View 76x50 Zoom Use 0% Tactical HUD 0 Map Filters NONE Filters NONE Steam 1 RUN: 3e096eb3-e0cb-43ee-8bcc-cf3203de92c2